 Dungeon Crawl Stone Soup version 0.29.0-4-gdea44cf6ec (webtiles) character file.

Game seed: 15335089628235527175

310 qw the Chopper (level 6, -3/35 HPs)
             Began as a Tengu Warper on Aug 28, 2022.
             Slain by an ice beast (10 damage)
             ... on level 4 of the Dungeon.
             The game lasted 00:00:21 (4015 turns).

qw the Chopper (Tengu Warper)                       Turns: 4015, Time: 00:00:21

Health: -3/35      AC:  8    Str: 13    XL:     6   Next: 41%
Magic:  10/10      EV:  5    Int: 14    God:
Gold:   70         SH: 13    Dex: 13    Spells: 9/9 levels left

rFire   + . .      SeeInvis .   Y - +1 hand axe
rCold   . . .      Faith    .   g - +5 kite shield of the Mantidfly {rF+ Will+}
rNeg    . . .      Spirit   .   j - +0 chain mail
rPois   .          Reflect  .   (helmet restricted)
rElec   .          Harm     .   (no cloak)
rCorr   .          Rampage  .   (no gloves)
Will    +....                   (boots unavailable)
Stlth   ..........              (no amulet)
HPRegen 0.11/turn               (no ring)
MPRegen 0.12/turn               (no ring)

@: flying quickly and evasively, quick
A: beak, talons 3, nimble flight
a: no special abilities


You were on level 4 of the Dungeon.
You visited 1 branch of the dungeon, and saw 4 of its levels.

You collected 288 gold pieces.
You spent 218 gold pieces at shops.


Innate Abilities, Weirdness & Mutations

You have a beak for a mouth.
You have claws for feet.
Your magical nature lets you fly swiftly and evasively.


   Skills:
 - Level 2.0 Fighting
 - Level 6.0 Axes
 - Level 1.0 Throwing
 + Level 1.3 Armour
 - Level 2.1 Dodging
 - Level 3.3 Shields
 - Level 2.0 Spellcasting
 - Level 2.4 Translocations


You had 9 spell levels left.
You didn't know any spells.
Your spell library contained the following spells:

 Spells                   Type           Power      Damage    Failure   Level
 Blink                    Tloc           16%        N/A       100%        2
 Gell's Gravitas          Tloc           8%         N/A       100%        3
 Lesser Beckoning         Tloc           8%         N/A       100%        3
 Teleport Other           Tloc           8%         N/A       100%        3
 Manifold Assault         Tloc           8%         N/A       100%        5

Inventory:

Hand Weapons
 n - a +0 flail
 Y - a +1 hand axe (weapon)
Armour
 g - the +5 kite shield of the Mantidfly (worn) {rF+ Will+}
   (You bought it in a shop on level 3 of the Dungeon)

   rF:        It protects you from fire.
   Will:      It increases your willpower.
 j - a +0 chain mail (worn)
Scrolls
 b - a scroll of amnesia {unknown}
 m - 2 scrolls of identify
Potions
 a - a potion of might
 d - a potion of lignification {unknown}
 e - a potion of attraction {unknown}
 h - a potion of berserk rage {unknown}
 i - a potion of heal wounds {unknown}
 k - 2 potions of curing
 l - a potion of ambrosia {unknown}

Dungeon Overview and Level Annotations

Branches:
Dungeon (4/15)
 Temple: D:4-7

Altars:

Shops:
D:3 [


Message History

You peck the ice beast, but do no damage.
The ice beast is lightly wounded.
You block the ice beast's attack.
You hit the ice beast. Your kick misses the ice beast.
The ice beast is lightly wounded.
The ice beast hits you but does no damage.
You hit the ice beast but do no damage. Your kick misses the ice beast.
You peck the ice beast.
The ice beast is moderately wounded.
You block the ice beast's attack. The ice beast hits you.
The ice beast freezes you!
You hit the ice beast but do no damage.
The ice beast is moderately wounded.
You block the ice beast's attack.
You hit the ice beast but do no damage. You claw the ice beast.
You peck the ice beast.
The ice beast is heavily wounded.
You block the ice beast's attack.
You hit the ice beast but do no damage.
The ice beast is heavily wounded.
You block the ice beast's attack.
You hit the ice beast but do no damage.
You claw the ice beast, but do no damage.
The ice beast is heavily wounded.
You block the ice beast's attack.
You closely miss the ice beast.
You claw the ice beast, but do no damage.
The ice beast is heavily wounded.
The ice beast hits you but does no damage.
You hit the ice beast but do no damage. You claw the ice beast.
The ice beast is heavily wounded.
You block the ice beast's attack. x2
You hit the ice beast.
The ice beast is severely wounded.
The ice beast hits you but does no damage.
You hit the ice beast.
You peck the ice beast, but do no damage.
The ice beast is severely wounded.
The ice beast hits you. The ice beast freezes you!
You die...

## .. ######### .#
####.......# .# .. .
#......##..# .#..... #
#.##.#.#.#.####Y#..>..
###.##.....##...@)......
##...#.###>###..#?#.....
.......# #.# ##...# ##.
.....(.###.###..#.#
.....<.....##.#.#.## #
..#.#.##.#.#.##(...###...
......##.##.###..#......)
.##.####.##.# ##...###.
.##.####.##)# ##.##


You could see an ice beast.

Vanquished Creatures
  An ogre (D:3)
  A hound (D:4)
  An iguana (D:4)
  4 adders
  4 gnolls (D:4)
  A worm (D:3)
  3 dart slugs
  8 orcs
  6 endoplasms
  7 giant cockroaches
  8 goblins
  9 hobgoblins
  5 jackals
  3 quokkas
  2 ball pythons
  4 bats
  A frilled lizard (D:2)
  8 kobolds
  4 rats
80 creatures vanquished.

Notes
Turn   | Place    | Note
-------+----------+-------------------------------------------
     0 | D:1      | qw the Tengu Warper began the quest for the Orb.
     0 | D:1      | Reached XP level 1. HP: 12/12 MP: 4/4
     0 | D:1      | 0 ||| qw: Version: 0.1-a-89-g26bdef1
     0 | D:1      | 0 ||| qw: Game counter: 2097
     0 | D:1      | 0 ||| qw: Always use a shield: true
     0 | D:1      | 0 ||| qw: God list: Okawaru
     0 | D:1      | 0 ||| qw: Allow faded altars: false
     0 | D:1      | 0 ||| qw: Do Orc after D:15 true
     0 | D:1      | 0 ||| qw: Do second Lair branch before Depths: true
     0 | D:1      | 0 ||| qw: Lair rune preference: random
     0 | D:1      | 0 ||| qw: Plans: Normal
     0 | D:1      | 0 ||| PLANNING D:1-11
    84 | D:1      | Reached skill level 3 in Axes
    84 | D:1      | Reached XP level 2. HP: 16/17 MP: 6/6
    84 | D:1      | 84 ||| Stepping ~*~*~tactically~*~*~ (stealth).
   126 | D:1      | 126 ||| Stepping ~*~*~tactically~*~*~ (stealth).
   156 | D:1      | Found a faded altar of an unknown god.
   420 | D:1      | Reached XP level 3. HP: 19/21 MP: 7/7
   597 | D:1      | 597 ||| UPGRADING to +0 ring mail.
   607 | D:1      | 607 ||| DROPPING +0 leather armour.
   608 | D:1      | 608 ||| READING scroll labelled RAASIP TECOC.
   609 | D:1      | 609 ||| READING scroll labelled UTTATY MINUSIEKHA.
   733 | D:1      | 733 ||| READING scroll labelled MAFAOFIUGEMM.
   734 | D:1      | 734 ||| DROPPING scroll of blinking.
   749 | D:2      | 749 ||| STAIRDANCE
   858 | D:2      | 858 ||| Stepping ~*~*~tactically~*~*~ (hiding).
   866 | D:2      | Reached skill level 4 in Axes
  1820 | D:2      | 1820 ||| DROPPING ring of magical power.
  1821 | D:2      | 1821 ||| READING scroll labelled CON OGEATA.
  1825 | D:2      | 1825 ||| READING scroll labelled RATUG JIT NYA.
  1826 | D:2      | 1826 ||| READING scroll labelled GUSOCR EFIBBU.
  1868 | D:3      | Reached XP level 4. HP: 18/26 MP: 8/8
  2377 | D:3      | 2377 ||| DROPPING +0 club.
  2478 | D:3      | Found Zuzegac's Antique Armour Shoppe.
  2480 | D:3      | Noticed an ogre
  2483 | D:3      | 2483 ||| BUYING encrusted kite shield (218 gold).
  2483 | D:3      | Bought an encrusted kite shield for 218 gold pieces
  2483 | D:3      | Identified the +5 kite shield of the Mantidfly {rF+ Will+}
                  | (You bought it in a shop on level 3 of the Dungeon)
  2483 | D:3      | 2483 ||| SHOPLISTING fading ring mail (207 gold, have 70).
  2483 | D:3      | 2483 ||| SHOPLISTING glowing plate armour (598 gold, have
                  | 70).
  2483 | D:3      | 2483 ||| SHOPLISTING pair of gloves (103 gold, have 70).
  2483 | D:3      | 2483 ||| SHOPLISTING shiny scale mail (161 gold, have 70).
  2621 | D:3      | Reached skill level 5 in Axes
  2672 | D:3      | 2672 ||| FLEEEEING.
  2673 | D:3      | 2673 ||| FLEEEEING.
  2679 | D:3      | 2679 ||| FLEEEEING.
  2680 | D:3      | 2680 ||| FLEEEEING.
  2681 | D:3      | 2681 ||| FLEEEEING.
  2687 | D:3      | 2687 ||| FLEEEEING.
  2692 | D:3      | 2692 ||| FLEEEEING.
  2693 | D:3      | 2693 ||| STAIRDANCE
  2729 | D:2      | 2729 ||| UPGRADING to +0 scale mail.
  2739 | D:2      | 2739 ||| UPGRADING to +5 kite shield of the Mantidfly {rF+
                  | Will+}.
  2744 | D:2      | 2744 ||| DROPPING +0 ring mail.
  2745 | D:2      | 2745 ||| READING scroll labelled NICULI WOXOCY.
  2746 | D:2      | 2746 ||| DRINKING 2 purple potions.
  2747 | D:2      | 2747 ||| READING 2 scrolls of identify.
  2747 | D:2      | 2747 ||| IDENTIFYING fizzy grey potion
  2800 | D:3      | Killed an ogre
  2801 | D:3      | Gained mutation: Your magical nature lets you fly swiftly
                  | and evasively. [Tengu growth]
  2801 | D:3      | Reached XP level 5. HP: 17/30 MP: 9/9
  3176 | D:4      | 3176 ||| STAIRDANCE
  3196 | D:4      | 3196 ||| Stepping ~*~*~tactically~*~*~ (stealth).
  3203 | D:4      | Reached skill level 3 in Shields
  3350 | D:4      | 3350 ||| Stepping ~*~*~tactically~*~*~ (stealth).
  3359 | D:4      | Reached XP level 6. HP: 35/35 MP: 10/10
  3388 | D:4      | 3388 ||| Stepping ~*~*~tactically~*~*~ (stealth).
  3389 | D:4      | 3389 ||| Stepping ~*~*~tactically~*~*~ (stealth).
  3402 | D:4      | 3402 ||| Stepping ~*~*~tactically~*~*~ (stealth).
  3404 | D:4      | 3404 ||| Stepping ~*~*~tactically~*~*~ (stealth).
  3580 | D:4      | 3580 ||| FLEEEEING.
  3583 | D:4      | 3583 ||| FLEEEEING.
  3584 | D:4      | 3584 ||| STAIRDANCE
  3661 | D:3      | 3661 ||| UPGRADING to +0 chain mail.
  3671 | D:3      | 3671 ||| DROPPING +0 scale mail.
  3672 | D:3      | 3672 ||| READING 2 scrolls of identify.
  3672 | D:3      | 3672 ||| IDENTIFYING fuming emerald potion
  3673 | D:3      | 3673 ||| DROPPING potion of degeneration.
  3993 | D:4      | Noticed an ice beast
  4000 | D:4      | Reached skill level 6 in Axes
  4007 | D:4      | HP: 8/35 [ice beast (9)]
  4015 | D:4      | HP: 7/35 [ice beast (2)]
  4015 | D:4      | Slain by an ice beast

Levels and vault maps discovered:
D:1:      heliophobic_arrival_ceremonial_halls, layout_rooms,
          shapermc_ecumenical_altar_venn, minmay_misc_feat_five
D:2:      layout_basic, nicolae_titane
D:3:      layout_loops_corners, serial_shops, nicolae_shop_hallway_stairs,
          hangedman_abyss_or_decor_stabs
D:4:      layout_loops_ring, grunt_tough_drop

Skill      XL: |  1  2  3  4  5  6 |
---------------+-------------------+-----
Axes           | 3 4 5 6 |  6.0
Shields        | 2 3 |  3.3
Fighting       | |  2.0
Throwing       | |  1.0
Armour         | |  1.3
Dodging        | |  2.1
Spellcasting   | |  2.0
Translocations | |  2.4

Action                   |  1- 3 |  4- 6 || total
-------------------------+-------+-------++-------
Melee: Hand axe          |    68 |   134 ||   202
       Kick              |    15 |    35 ||    50
       Peck              |     8 |    20 ||    28
Throw: Boomerang         |    37 |    24 ||    61
  Use: Scroll            |     6 |     3 ||     9
       Potion            |       |     1 ||     1
Armor: Leather armour    |    10 |       ||    10
       Ring mail         |     7 |    22 ||    29
       Scale mail        |       |     7 ||     7
       Chain mail        |       |    12 ||    12
Dodge: Dodged            |    26 |    46 ||    72
Block: Kite shield       |       |    57 ||    57

Table legend:
 A = Non-vault XP
 B = Vault XP
 C = Vault XP percentage of total XP
 D = Non-vault monster count
 E = Vault monster count
 F = Vault count percentage of total count
                 A         B        C        D         E       F
            +---------+---------+-------+---------+---------+-------
      Total |     431 |      13 |   2.9 |      74 |       6 |   7.5
            +---------+---------+-------+---------+---------+-------
        D:1 |      38 |       0 |   0.0 |      19 |       0 |   0.0
        D:2 |      38 |       0 |   0.0 |      15 |       0 |   0.0
        D:3 |     181 |       0 |   0.0 |      20 |       0 |   0.0
        D:4 |     174 |      13 |   7.0 |      20 |       6 |  23.1
            +---------+---------+-------+---------+---------+-------
